 Dungeon Crawl Stone Soup version 0.16.1-51-g6203257 (webtiles) character file.

3178 RepoMan the Arsonist (level 9, -4/57 HPs)
             Began as a Mummy Fire Elementalist on Aug 7, 2015.
             Was an Initiate of Ashenzari.
             Slain by a killer bee (7 damage)
             ... on level 8 of the Dungeon.
             The game lasted 01:20:17 (10498 turns).

RepoMan the Arsonist (Mummy Fire Elementalist)     Turns: 10498, Time: 01:20:17

Health: -4/57      AC:  6    Str: 11    XL:     9   Next: 63%
Magic:  20/23      EV: 12    Int: 22    God:    Ashenzari [......]
Gold:   488        SH:  0    Dex: 16    Spells: 6 memorised, 2 levels left

rFire  . . .     SeeInvis .     o - staff of conjuration (curse)
rCold  + + .     Clarity  +     E - +2 robe {rC+ rF+} (curse)
rNeg   + + +     SustAb   .     (no shield)
rPois  ∞         Gourm    .     v - +0 helmet
rElec  .         Spirit   .     (no cloak)
rCorr  .         Warding  .     (no gloves)
rMut   .         Stasis   .     n - +0 pair of boots
MR     +....                    u - amulet of clarity (curse)
Stlth  ++........               p - +5 ring of intelligence
                                d - +4 ring of dexterity

@: somewhat resistant to hostile enchantments, unstealthy
A: no food or potions, fire vulnerability, restore body, cold resistance 1,
negative energy resistance 3, poison resistance, torment resistance, unbreathing
a: Renounce Religion


You were on level 8 of the Dungeon.
You worshipped Ashenzari.
Ashenzari was noncommittal.
You were not hungry.

You visited 2 branches of the dungeon, and saw 9 of its levels.

You collected 488 gold pieces.

Inventory:

Hand weapons
 l - a +2 short sword of draining
Missiles
 y - 6 curare-tipped needles
Armour
 a - a +0 robe
 m - a +0 pair of gloves
 n - a +0 pair of boots (worn)
 t - a +0 pair of gloves
 v - a +0 helmet (worn)
 E - a cursed +2 robe of resistance (worn)
Magical staves
 o - a cursed staff of conjuration (weapon)
Jewellery
 d - a +4 ring of dexterity (left hand)
 e - a +3 ring of dexterity
 g - an uncursed ring of flight
 p - a +5 ring of intelligence (right hand)
 u - a cursed amulet of clarity (around neck)
 A - an uncursed amulet of resist corrosion
Magical devices
 q - a wand of heal wounds (0)
 s - a wand of slowing (15)
 B - a wand of polymorph (3)
 C - a wand of fire (9)
 D - a wand of enslavement (13)
Scrolls
 c - 13 scrolls of identify {unknown}
 f - a scroll of remove curse
 h - a scroll of fear {unknown}
 i - 4 scrolls of random uselessness {unknown}
 j - 2 scrolls of magic mapping {unknown}
 k - a scroll of amnesia {unknown}
 r - a scroll of enchant weapon
 w - 2 scrolls of enchant armour {unknown}
 x - 2 scrolls of teleportation {unknown}
 z - 3 scrolls of immolation {unknown}
Books
 b - a book of Flames

   Spells                             Type                      Level
   a - Flame Tongue                   Conjuration/Fire             1
   b - Throw Flame                    Conjuration/Fire             2
   c - Conjure Flame                  Conjuration/Fire             3
   d - Inner Flame                    Hexes/Fire                   3
   e - Sticky Flame                   Conjuration/Fire             4
   f - Fireball                       Conjuration/Fire             5


   Skills:
 - Level 1.5 Dodging
 - Level 1.5 Stealth
 + Level 6.3 Spellcasting
 + Level 5.6 Conjurations
 * Level 8.6 Fire Magic


You had 2 spell levels left.
You knew the following spells:

 Your Spells              Type           Power        Failure   Level  Hunger
a - Flame Tongue          Conj/Fire      #####        1%          1    N/A
b - Throw Flame           Conj/Fire      ######       1%          2    N/A
c - Conjure Flame         Conj/Fire      ######..     1%          3    N/A
d - Sticky Flame          Conj/Fire      ######..     6%          4    N/A
e - Fireball              Conj/Fire      ######....   14%         5    N/A
i - Inner Flame           Hex/Fire       ####....     6%          3    N/A

Dungeon Overview and Level Annotations

Branches:
Dungeon (8/15)             Temple (1/1) D:6
   Lair: D:8-11

Altars:
Ashenzari
Cheibriados
Dithmenos
Elyvilon
Fedhas
Gozag
Kikubaaqudgha
Makhleb
Okawaru
Qazlal
Ru
Sif Muna
Trog
Xom
Yredelemnul
Zin
The Shining One

Shops:
D:7 }


Innate Abilities, Weirdness & Mutations

You do not eat or drink.
Your flesh is vulnerable to fire.
Your flesh is cold resistant.
You are immune to negative energy.
Your system is resistant to poisons.
You are immune to unholy pain and torment.
You can survive without breathing.


Message History

The killer bee closely misses you. The killer bee stings you.
* * * LOW HITPOINT WARNING * * *
Casting: Flame Tongue
Confirm with . or Enter, or press ? or * to list all spells.
Aiming: Flame Tongue
Press: ? - help, Shift-Dir - straight line, f - giant spore, p - killer bee
Aim: a giant spore You feel a surge of power!
The flame tongue hits the giant spore.
The giant spore explodes!
The explosion of spores engulfs you!
* * * LOW HITPOINT WARNING * * *
A fungus suddenly grows. x2
An active ballistomycete comes into view.
The killer bee stings you but does no damage.
The killer bee closely misses you.
Evoke which item? (* to show all) (? for menu, Esc to quit)
Zapping:
q - a wand of heal wounds {zapped: 3} (will waste charges)
Press: ? - help, Shift-Dir - straight line, f - you Nothing appears to happen.
The killer bee stings you!
You die...

... #......# #...
....###......###...##
.............#..>...#
#...../.......#......#
#.............#.P....#
#.............#......#
.............+......+
............y#...P..#
.............#@.)<..#
..###+#####.y#...........
. ##############


You could see an active ballistomycete and a killer bee.

Vanquished Creatures
  The ghost of ishipenkov the Covert, an experienced HaAs of Dithmenos (D:7)
  A hippogriff (D:7)
  Edmund (D:5)
  A water moccasin (D:7)
  An ice beast (D:6)
  A sky beast (D:5)
  4 ogres
  Sigmund (D:3)
  A big kobold (D:7)
  Blork the orc (D:4)
  3 giant frogs
  2 scorpions
  4 wights (D:7)
  A killer bee (D:8)
  A goliath beetle (D:1)
  A giant frog zombie (D:7)
  A hound (D:5)
  4 orc priests
  2 quasits (D:7)
  2 giant frog skeletons
  A jelly (D:5)
  2 iguanas (D:7)
  3 orc wizards
  10 worker ants
  Ijyb (D:2)
  2 worker ant zombies
  Robin (D:3)
  9 adders
  3 giant mites
  A white imp (D:5)
  5 worms
  An adder zombie (D:7)
  An adder skeleton (D:4)
  5 giant geckos
  An ooze (D:1)
  19 orcs
  A bat skeleton (D:8)
  A bat zombie (D:6)
  15 goblins
  15 hobgoblins
  18 jackals
  2 quokkas
  16 bats
  3 giant cockroaches
  11 giant newts
  A giant spore (D:8)
  A jackal zombie (D:7)
  21 kobolds
  A quokka skeleton (D:8)
  10 rats
215 creatures vanquished.

Vanquished Creatures (others)
  2 bats (D:1)
  A quokka (D:7)
3 creatures vanquished.

Grand Total: 218 creatures vanquished

Notes
Turn   | Place    | Note
--------------------------------------------------------------
     0 | D:1      | RepoMan, the Mummy Fire Elementalist, began the quest for the Orb.
     0 | D:1      | Reached XP level 1. HP: 13/13 MP: 3/3
     2 | D:1      | Noticed an electric eel
   454 | D:1      | Reached skill level 1 in Conjurations
   706 | D:1      | Reached XP level 2. HP: 19/19 MP: 0/4
   749 | D:1      | Learned a level 2 spell: Throw Flame
  1215 | D:1      | Reached skill level 3 in Fire Magic
  1467 | D:1      | Reached XP level 3. HP: 24/24 MP: 3/6
  1472 | D:1      | Learned a level 3 spell: Conjure Flame
  1825 | D:1      | Reached XP level 4. HP: 30/30 MP: 0/8
  2441 | D:2      | Found a bloodstained altar of Trog.
  2739 | D:2      | Noticed Ijyb
  2768 | D:2      | Killed Ijyb
  2768 | D:2      | Reached XP level 5. HP: 24/35 MP: 0/10
  2774 | D:2      | Learned a level 3 spell: Inner Flame
  3254 | D:2      | Found a basalt altar of Yredelemnul.
  3260 | D:2      | Found a sacrificial altar of Ru.
  3264 | D:2      | Found a white marble altar of Elyvilon.
  3483 | D:3      | Reached skill level 4 in Fire Magic
  3539 | D:3      | Found a shadowy altar of Dithmenos.
  3784 | D:3      | Noticed Sigmund
  4095 | D:4      | Reached XP level 6. HP: 41/41 MP: 3/13
  4597 | D:4      | Noticed an ogre
  4608 | D:4      | Killed an ogre
  4608 | D:4      | Reached skill level 5 in Fire Magic
  4728 | D:4      | Noticed Blork the orc
  4754 | D:4      | Reached XP level 7. HP: 39/46 MP: 10/15
  4760 | D:4      | Learned a level 4 spell: Sticky Flame
  4809 | D:4      | Killed Blork the orc
  4894 | D:4      | Found a deep blue altar of Sif Muna.
  4956 | D:4      | Found a glowing silver altar of Zin.
  5701 | D:3      | Killed Sigmund
  5879 | D:3      | Noticed Robin
  5884 | D:3      | Killed Robin
  6293 | D:5      | Entered Level 5 of the Dungeon
  6342 | D:5      | Noticed Edmund
  6349 | D:5      | Killed Edmund
  6349 | D:5      | Reached skill level 6 in Fire Magic
  6472 | D:5      | Reached XP level 8. HP: 52/52 MP: 13/18
  6491 | D:5      | Found a glowing golden altar of the Shining One.
  7175 | D:5      | Found an iron altar of Okawaru.
  7193 | D:5      | Reached skill level 5 in Spellcasting
  7299 | D:6      | Found a white marble altar of Elyvilon.
  7595 | D:6      | Found a staircase to the Ecumenical Temple.
  7603 | Temple   | Entered the Ecumenical Temple
  7642 | Temple   | Became a worshipper of Ashenzari the Shackled
  7786 | D:6      | Reached skill level 7 in Fire Magic
  8933 | D:7      | Found a stormy altar of Qazlal.
  9027 | D:7      | Reached XP level 9. HP: 55/57 MP: 14/21
  9035 | D:7      | Learned a level 5 spell: Fireball
  9052 | D:7      | Found a white marble altar of Elyvilon.
  9159 | D:7      | Noticed ishipenkov's ghost (experienced HaAs)
  9196 | D:7      | Killed ishipenkov's ghost
  9196 | D:7      | Reached skill level 5 in Conjurations
  9196 | D:7      | Reached skill level 8 in Fire Magic
  9843 | D:7      | Found Kocuocs' Gadget Emporium.
 10498 | D:8      | Slain by a killer bee

Action                   |  1- 3 |  4- 6 |  7- 9 || total
-------------------------+-------+-------+-------++-------
Melee: Unarmed           |    10 |       |       ||    10
       Short sword       |       |     6 |       ||     6
       Staff             |       |       |    13 ||    13
 Cast: Flame Tongue      |    57 |   143 |   234 ||   434
       Conjure Flame     |     2 |     9 |    20 ||    31
       Inner Flame       |       |     3 |    10 ||    13
       Throw Flame       |       |       |     9 ||     9
       Sticky Flame      |       |       |    17 ||    17
Evoke: Wand              |       |       |     6 ||     6
  Use: Scroll            |     4 |       |     3 ||     7
